 Dungeon Crawl Stone Soup version 0.15-a0-2075-ga361405 (webtiles) character file.

51 N00bl0rd the Grave Robber (level 3, -2/19 HPs)
             Began as a Deep Elf Necromancer on July 14, 2014.
             Killed from afar by Sigmund (7 damage)
             ... with a puff of flame
             ... on Level 2 of the Dungeon.
             The game lasted 00:04:30 (1450 turns).

N00bl0rd the Grave Robber (Deep Elf Necromancer)    Turns: 1450, Time: 00:04:30

HP  -2/19        AC  2     Str  5      XL: 3   Next: 58%
MP   4/12        EV 13     Int 20      God:
Gold 77          SH  0     Dex 15      Spells:  4 memorised,  2 levels left

rFire  . . .     SeeInvis .     (no weapon)
rCold  . . .     Clarity  .     a - +0 robe
rNeg   . . .     rCorr    .     (no shield)
rPois  .         rRot     .     (no helmet)
rElec  .         Spirit   .     (no cloak)
SustAb .         Warding  .     (no gloves)
rMut   .         Stasis   .     (no boots)
Gourm  .                        (no amulet)
MR     .....                    (no ring)
                                (no ring)

@: not resistant to hostile enchantments, unstealthy
A: no striking features
a: no special abilities


You were on level 2 of the Dungeon.
You were hungry.

You visited 1 branch of the dungeon, and saw 2 of its levels.

You collected 77 gold pieces.

Inventory:

Armour
 a - a +0 robe (worn)
Comestibles
 c - a bread ration
 f - a slice of pizza
 l - a meat ration
 n - a royal jelly
 o - a chunk of ball python flesh
 p - a chunk of giant newt flesh
Scrolls
 d - 2 scrolls of teleportation {unknown}
 e - 2 scrolls of recharging {unknown}
 g - 3 scrolls of immolation {unknown}
 h - a scroll of amnesia {unknown}
 i - a scroll of identify {unknown}
 m - 2 scrolls of remove curse {unknown}
 r - a scroll of random uselessness {unknown}
Potions
 j - a potion of agility {unknown}
 k - a potion of haste {unknown}
 q - a potion of experience {unknown}
Books
 b - a book of Necromancy

   Spells                             Type                      Level
   *Pain                              Necromancy                   1
   *Animate Skeleton                  Necromancy                   1
   *Vampiric Draining                 Necromancy                   3
   *Regeneration                      Charms/Necromancy            3
   Animate Dead                       Necromancy                   4
   Control Undead                     Necromancy                   4


   Skills:
 - Level 2.4 Dodging
 - Level 2.4 Stealth
 + Level 4.1 Spellcasting
 + Level 5.9 Necromancy


You had 2 spell levels left.
You knew the following spells:

 Your Spells              Type           Power        Failure   Level  Hunger
a - Pain                  Necr           ####         1%          1    None
b - Animate Skeleton      Necr           N/A          1%          1    None
c - Vampiric Draining     Necr           ####......   4%          3    ###....
d - Regeneration          Chrm/Necr      ###.......   14%         3    ###....


Dungeon Overview and Level Annotations

Branches:
Dungeon (2/15)

Altars:

Annotations:
D:2 Sigmund


Message History

Confirm with . or Enter, or press ? or * to list all spells.
You can't see any susceptible monsters within range! (Use Z to cast anyway.)
Casting: Pain
Confirm with . or Enter, or press ? or * to list all spells.
Aiming: Pain
Press: ? - help, Shift-Dir - straight line Nothing appears to happen.
Casting: Pain
Confirm with . or Enter, or press ? or * to list all spells.
Aiming: Pain
Press: ? - help, Shift-Dir - straight line Nothing appears to happen.
Something tries to affect you, but you resist.
Something tries to affect you, but you resist.
Casting: Pain
Confirm with . or Enter, or press ? or * to list all spells.
You can't see any susceptible monsters within range! (Use Z to cast anyway.) Sigmund gestures at you while chanting.
The puff of flame hits you!
You die...

#......###.#....# ##.#
#...............# #.##
#......###.#.#### #..# #......#
#.#.# ##.## #......# #(#.# #..#
#......###+#.# ##.# ##
####.........# #.# ...
#.........#########.###....
#####.........@.......@........
#.............##########.##....
#.....).......# #.## ..
#......######.# #..#####
#......######.# ##.#....
#.............# #......
#.......####### ##.....
#######.#### #.{... #....#
##....


You could see Sigmund.

Vanquished Creatures
  2 adders (D:2)
  A giant gecko (D:2)
  2 ball pythons
  A giant cockroach (D:1)
  2 goblins (D:1)
  3 hobgoblins
  5 jackals (D:1)
  6 kobolds
  4 bats (D:1)
  2 giant newts (D:2)
  2 rats (D:1)
30 creatures vanquished.

Vanquished Creatures (collateral kills)
  A jackal (D:1)
1 creature vanquished.

Vanquished Creatures (others)
  A ball python skeleton (D:2)
  A giant newt skeleton (D:2)
  A jackal skeleton (D:1)
  A kobold skeleton (D:2)
4 creatures vanquished.

Grand Total: 35 creatures vanquished

Notes
Turn   | Place    | Note
--------------------------------------------------------------
     0 | D:1      | N00bl0rd, the Deep Elf Necromancer, began the quest for the Orb.
     0 | D:1      | Reached XP level 1. HP: 10/10 MP: 5/5
    25 | D:1      | Learned a level 1 spell: Animate Skeleton
   139 | D:1      | Reached skill level 5 in Necromancy
   205 | D:1      | Reached XP level 2. HP: 1/15 MP: 1/8
  1304 | D:2      | Reached XP level 3. HP: 15/19 MP: 5/11
  1309 | D:2      | Learned a level 3 spell: Vampiric Draining
  1314 | D:2      | Learned a level 3 spell: Regeneration
  1414 | D:2      | Noticed Sigmund
  1450 | D:2      | Killed from afar by Sigmund

Action                   || total
-------------------------++-------
 Cast: Pain              ||    57
       Animate Skeleton  ||    13
       Vampiric Draining ||     2
  Eat: Chunk             ||     1
